 Dungeon Crawl Stone Soup version 0.20.0-10-g0535bb4 (webtiles) character file.

520 Jawreze the Destroyer (level 7, 0/36 HPs)
             Began as a Deep Elf Conjurer on June 4, 2017.
             Killed from afar by Ijyb (9 damage)
             ... with a wand of acid (?/15)
             ... on level 4 of the Dungeon.
             The game lasted 00:11:10 (4304 turns).

Jawreze the Destroyer (Deep Elf Conjurer)           Turns: 4304, Time: 00:11:11

Health: 0/36       AC:  2    Str:  5    XL:     7   Next: 1%
Magic:  4/17       EV: 13    Int: 22    God:
Gold:   89         SH:  0    Dex: 15    Spells: 10/16 levels left

rFire    . . .     SeeInvis .   j - -1 mace (curse)
rCold    . . .     Gourm    .   (no shield)
rNeg     . . .     Faith    .   a - +0 robe
rPois    .         Spirit   .   h - +0 hat
rElec    .         Reflect  .   (no cloak)
rCorr    .         Harm     .   (no gloves)
MR       .....                  (no boots)
Stlth    ++........             (no amulet)
Regen    0.2/turn               (no ring)
MPRegen  0.2/turn               (no ring)

@: very slightly contaminated
A: no striking features
a: no special abilities


You were on level 4 of the Dungeon.
You were not hungry.

You visited 1 branch of the dungeon, and saw 4 of its levels.

You collected 89 gold pieces.

Inventory:

Hand Weapons
 j - a cursed -1 mace (weapon)
Armour
 a - a +0 robe (worn)
 h - a +0 hat (worn)
Jewellery
 e - an uncursed amulet of harm {unknown}
Wands
 m - a wand of random effects (45/48)
Potions
 f - a potion of mutation
Books
 b - a book of Conjurations

   Spells                             Type                      Level
   a - Magic Dart                     Conjuration                  1
   b - Searing Ray                    Conjuration                  2
   c - Dazzling Spray                 Conjuration/Hexes            3
   d - Fulminant Prism                Conjuration/Hexes            4
   e - Force Lance                    Conjuration/Translocation    4
   f - Iskenderun's Mystic Blast      Conjuration                  4
Comestibles
 c - a bread ration
 d - 2 meat rations


   Skills:
 - Level 0.1 Fighting
 - Level 0.3 Maces & Flails
 - Level 2.4 Dodging
 - Level 2.4 Stealth
 + Level 5.4 Spellcasting
 * Level 8.2 Conjurations
 - Level 1.1 Hexes


You had 10 spell levels left.
You knew the following spells:

 Your Spells              Type           Power        Failure   Level  Hunger
a - Magic Dart            Conj           ####         1%          1    None
b - Searing Ray           Conj           #####.       1%          2    None
c - Dazzling Spray        Conj/Hex       ####..       4%          3    ##.....


Dungeon Overview and Level Annotations

Branches:
Dungeon (4/15)
 Temple: D:4-7

Altars:
Hepliaklqana
Kikubaaqudgha

Annotations:
D:4 Ijyb


Message History

Aiming: Magic Dart
Press: ? - help, Shift-Dir - straight line, f/p - Ijyb
Aim: Ijyb, wearing a leather armour (moderately wounded)
The magic dart hits Ijyb.
Ijyb is heavily wounded.
Ijyb zaps a wand.
The bolt of acid hits you!
You are splashed with acid!
The acid burns!
It is a wand of acid (?/15).
Casting: Magic Dart
Confirm with . or Enter, or press ? or * to list all spells.
Aiming: Magic Dart
Press: ? - help, Shift-Dir - straight line, f/p - Ijyb
Aim: Ijyb, wearing a leather armour and carrying a wand of acid (?/15) {zapped: 1} (heavily wounded)
The magic dart hits Ijyb.
Ijyb is severely wounded.
Ijyb screams, "You nasty!
Big nasty!"
Ijyb hits you.
* * * LOW HITPOINT WARNING * * *
All of the chunks of flesh in your inventory have rotted away.
Ijyb zaps a wand.
The bolt of acid hits you!
You die...

#. ...... .###....###
.#.......# .....[..#
#...)...# #o# #g# #. #.#
### #.# # #@# #.. ... .
#.# #.# #.# . # #.# #.#
#.#####. #.##.#####.#
#.##....
.###.....(..(.###.#>.#..
........####........###.
.######## #......#..#..
#..######....
########^.#######.#.


You could see Ijyb and an orc.

Vanquished Creatures
  Sigmund (D:2)
  A hound (D:4)
  An orc priest (D:3)
  Terence (D:2)
  Natasha (thrice) (D:3)
  An orc wizard (D:4)
  A worker ant (D:4)
  The ghost of 4thArraOfDagon the Ruffian, a weakling BaTm (D:4)
  Robin (D:1)
  2 adders
  A shadow imp (D:3)
  An ooze (D:3)
  2 worms
  3 dart slugs
  3 leopard geckos
  3 orcs (D:3)
  8 giant cockroaches
  10 goblins
  8 hobgoblins
  2 jackals (D:1)
  5 kobolds
  3 quokkas (D:3)
  2 ball pythons
  14 bats
  3 frilled lizards
  10 rats
91 creatures vanquished.

Vanquished Creatures (others)
  A goblin (D:2)
1 creature vanquished.

Grand Total: 92 creatures vanquished

Notes
Turn   | Place    | Note
-------+----------+-------------------------------------------
     0 | D:1      | Jawreze the Deep Elf Conjurer began the quest for the Orb.
     0 | D:1      | Reached XP level 1. HP: 10/10 MP: 6/6
   133 | D:1      | Reached XP level 2. HP: 15/15 MP: 2/8
   369 | D:1      | Reached skill level 5 in Conjurations
   790 | D:1      | Reached XP level 3. HP: 19/19 MP: 6/9
  1134 | D:2      | Learned a level 2 spell: Searing Ray
  1138 | D:2      | Learned a level 3 spell: Dazzling Spray
  1142 | D:2      | Noticed Robin
  1479 | D:2      | Found an ancient bone altar of Kikubaaqudgha.
  1644 | D:2      | Noticed Terence
  1651 | D:2      | Killed Terence
  1651 | D:2      | Reached XP level 4. HP: 24/24 MP: 0/11
  2007 | D:2      | Reached skill level 6 in Conjurations
  2153 | D:1      | Killed Robin
  2450 | D:2      | Noticed Sigmund
  2674 | D:2      | Killed Sigmund
  2674 | D:2      | Reached skill level 7 in Conjurations
  2674 | D:2      | Reached skill level 1 in Hexes
  2674 | D:2      | Reached XP level 5. HP: 10/28 MP: 2/13
  3034 | D:3      | Reached XP level 6. HP: 32/32 MP: 9/14
  3116 | D:3      | Found a hazy altar of Hepliaklqana.
  3133 | D:3      | Noticed Natasha
  3139 | D:3      | Killed Natasha
  3430 | D:3      | Reached skill level 5 in Spellcasting
  3574 | D:3      | Noticed Natasha
  3576 | D:3      | Killed Natasha
  3719 | D:3      | Noticed Natasha
  3726 | D:3      | Killed Natasha
  4089 | D:4      | Reached skill level 8 in Conjurations
  4160 | D:4      | Noticed 4thArraOfDagon's ghost (weakling BaTm)
  4230 | D:4      | Killed 4thArraOfDagon's ghost
  4294 | D:4      | Noticed Ijyb
  4294 | D:4      | Reached XP level 7. HP: 36/36 MP: 13/17
  4304 | D:4      | Killed from afar by Ijyb

Skill      XL: |  1  2  3  4  5  6 |
---------------+-------------------+-----
Conjurations   | 5 7 8 |  8.2
Spellcasting   | 4 5 |  5.4
Hexes          | 1 |  1.1
Fighting       | |  0.1
Maces & Flails | |  0.3
Dodging        | |  2.4
Stealth        | |  2.4

Action                   |  1- 3 |  4- 6 |  7- 9 || total
-------------------------+-------+-------+-------++-------
Melee: Mace              |       |     8 |       ||     8
 Cast: Magic Dart        |    77 |    92 |     6 ||   175
       Searing Ray       |     3 |     4 |       ||     7
       Dazzling Spray    |     1 |    15 |     1 ||    17
  Use: Scroll            |       |     6 |       ||     6
       Potion            |       |     3 |       ||     3
  Eat: Chunk             |     2 |     9 |       ||    11
Armor: Skin              |       |     5 |       ||     5
       Robe              |       |     3 |       ||     3
Dodge: Dodged            |    11 |    20 |     1 ||    32
